 Dungeon Crawl Stone Soup version 0.28-a0-1241-gf280a0fbb2 (webtiles) character file.

Game seed: 5654742375070327384

5236 ChaosChampion the Cleaver (level 10, -9/91 HPs)
             Began as a Hill Orc Fighter on Dec 26, 2021.
             Was a Priest of Beogh.
             Mangled by an orc warrior (30 damage)
             ... in a bailey.
             The game lasted 00:14:05 (9936 turns).

ChaosChampion the Cleaver (Hill Orc Fighter)        Turns: 9936, Time: 00:14:06

Health: -9/91      AC: 20    Str: 24    XL:     10   Next: 61%
Magic:  11/14      EV:  6    Int: 12    God:    Beogh [***...]
Gold:   290        SH: 11    Dex:  8    Spells: 9/9 levels left

rFire   . . .      SeeInvis .   b - +0 hand axe (vorpal)
rCold   . . .      Faith    .   I - +2 kite shield
rNeg    + . .      Spirit   .   i - +1 plate armour
rPois   .          Reflect  .   (no helmet)
rElec   +          Harm     .   (no cloak)
rCorr   .          Rampage  .   (no gloves)
Will    .....                   u - +0 pair of boots
Stlth   ..........              (no amulet)
HPRegen 0.25/turn               o - +4 ring of protection
MPRegen 0.14/turn               H - ring of Wexelon {rElec rN+ Int+4 Dex-2}

@: no status effects
A: no striking features
a: Renounce Religion, Smiting


You were in a bailey.
You worshipped Beogh.
Beogh was most pleased with you.
You visited 1 branch of the dungeon, and saw 8 of its levels.
You also visited: Sewer and Bailey.

You collected 323 gold pieces.
You spent 33 gold pieces at shops.

Inventory:

Hand Weapons
 a - a +0 war axe
 b - a +0 vorpal hand axe (weapon)
 d - a +1 whip of flaming
Missiles
 y - a throwing net
Armour
 i - a +1 plate armour (worn)
 u - a +0 pair of boots (worn)
 I - a +2 kite shield (worn)
Jewellery
 o - a +4 ring of protection (left hand)
 p - a ring of fire
 H - the ring of Wexelon (right hand) {rElec rN+ Int+4 Dex-2}
   (You found it on level 6 of the Dungeon)

   [ring of positive energy]

   Int:       It affects your intelligence (+4).
   Dex:       It affects your dexterity (-2).
   rElec:     It insulates you from electricity.
   rN:        It protects you from negative energy.
Wands
 j - a wand of iceblast (9)
 v - a wand of polymorph (11)
 x - a wand of digging (15)
 D - a wand of acid (5)
 E - a wand of flame (7)
Scrolls
 e - 2 scrolls of magic mapping
 f - 3 scrolls of identify
 h - 3 scrolls of noise
 k - 3 scrolls of teleportation
 l - a scroll of blinking
 q - a scroll of fear
 r - 3 scrolls of enchant armour
Potions
 g - 4 potions of curing
 m - a potion of degeneration {unknown}
 n - 5 potions of heal wounds
 s - a potion of ambrosia {unknown}
 t - a potion of flight {unknown}
 w - 2 potions of invisibility {unknown}
 z - a potion of magic {unknown}
 A - a potion of cancellation {unknown}
 B - a potion of might
 C - a potion of resistance
 F - a potion of haste {unknown}
 G - a potion of berserk rage {unknown}


   Skills:
 + Level 9.6 Fighting
 + Level 10.0 Axes
 + Level 8.7 Armour
 + Level 8.7 Shields
 - Level 6.0 Invocations


You had 9 spell levels left.
You didn't know any spells.
Your spell library was empty.

Dungeon Overview and Level Annotations

Branches:
Dungeon (8/15)             Temple (0/1) D:4           Sewer (visited)
 Bailey (1/1)
   Lair: D:8-11

Altars:
Cheibriados
Dithmenos
Elyvilon
Hepliaklqana

Shops:
D:1 ?   D:3 !

Portals:
Abyss: D:6

Annotations:
D:6 2 transporters, LordBelias's ghost, novice GnDe


Message History

Your orc warrior shoots a bolt.
The bolt hits the orc warrior!
You hit the orc warrior.
The orc warrior is severely wounded.
The orc knight roars a battlecry!
The orc warriors go into a battle-frenzy!
You block the orc warrior's attack. The orc warrior hits you.
Your orc warrior unwields a +0 arbalest.
Your orc warrior hits the orc warrior but does no damage.
You hit the orc warrior but do no damage.
The orc warrior is severely wounded.
You block the orc knight's attack.
The orc warrior hits you but does no damage.
The orc warrior hits you!
Your orc warrior hits the orc warrior!
The orc warrior dies!
Beogh accepts your kill.
Your orc warrior looks more experienced.
You barely miss the orc warrior.
The orc warrior is severely wounded.
The orc knight hits you but does no damage.
The orc warrior barely misses you. You block the orc warrior's attack.
You closely miss the orc warrior.
The orc warrior is severely wounded.
Your orc warrior wields a +0 arbalest.
Your orc warrior shoots a bolt.
The bolt barely misses the orc knight.
The orc knight hits you from afar with a +0 halberd.
The orc warrior hits you from afar with a +3 halberd!
* * * LOW HITPOINT WARNING * * *
You block the orc warrior's attack.
Aiming: Smiting
Press: ? - help, Q - select action, (/) - cycle Dir - move target, f - orc warrior Smite: an orc warrior, wearing a +0 ring mail and quivering bolts (severely wounded, strong)
You smite the orc warrior!!
You kill the orc warrior!
Beogh accepts your kill.
Your orc warrior shoots a bolt.
The bolt barely misses the orc knight.
The orc knight hits you from afar with a +0 halberd.
* * * LOW HITPOINT WARNING * * *
The orc warrior hits you from afar with a +3 halberd!!
You die...
Beogh appreciates the orc warrior's killing of a heretic priest.

### ##∩#########
#.∩.##@)...##
≈..#...#..≈≈≈..#
o≈≈.....o.≈≈o≈≈.#
∩o≈.......≈o∩.≈.+
≈o≈≈.......≈≈o≈≈.#
≈≈≈..#...#..≈≈≈..#
....##...##.....##
#### ##∩#########
##


You could see an orc knight (ally target), 2 orc warriors and a friendly orc
warrior.

Vanquished Creatures
  Pikel (D:3)
  A cyclops (D:6)
  Eustachio (D:5)
  The ghost of bezhaha the Magician, an amateur OpWz of Gozag (D:5)
  A water moccasin (D:7)
  2 orc warriors
  6 ice beasts
  3 sky beasts
  2 black bears
  A hornet zombie (D:5)
  4 ogres
  A centaur (D:7)
  6 necrophages
  4 kobold brigands (Sewer)
  A phantom (D:5)
  2 gnoll sergeants (D:7)
  A water moccasin zombie (D:6)
  3 scorpions
  A vampire bat (D:4)
  A centaur zombie (D:6)
  7 hounds
  3 gnoll shamans (D:7)
  4 orc priests
  A jelly (D:7)
  3 orc wizards
  2 iguanas
  A hound skeleton (D:5)
  2 howler monkey zombies
  22 gnolls
  A howler monkey skeleton (D:7)
  5 river rats
  6 adders
  3 shadow imps
  2 worms
  2 dart slugs (D:1)
  32 orcs
  11 ball pythons
  5 endoplasms
  A giant cockroach (D:2)
  5 hobgoblins
  18 jackals
  4 quokkas
  14 bats
  3 frilled lizards
  9 goblins
  16 kobolds
  26 rats
251 creatures vanquished.

Vanquished Creatures (collateral kills)
  An orc warrior (Bailey)
1 creature vanquished.

Vanquished Creatures (others)
  An orc (Bailey)
  A bat (D:3)
2 creatures vanquished.

Grand Total: 254 creatures vanquished

Notes
Turn   | Place    | Note
-------+----------+-------------------------------------------
     0 | D:1      | ChaosChampion the Hill Orc Fighter began the quest for the
                  | Orb.
     0 | D:1      | Reached XP level 1. HP: 19/19 MP: 1/1
   191 | D:1      | Reached XP level 2. HP: 27/27 MP: 2/2
   193 | D:1      | Reached skill level 3 in Axes
   200 | D:1      | Found Ekhassid's Magic Scroll Shoppe.
   375 | D:1      | Reached XP level 3. HP: 25/33 MP: 3/3
  1003 | D:2      | Reached XP level 4. HP: 39/41 MP: 4/4
  1445 | D:3      | Found Laxoynumip's Distillery.
  1452 | D:3      | Bought a potion of curing for 33 gold pieces
  1818 | D:3      | Reached skill level 4 in Axes
  1818 | D:3      | Reached XP level 5. HP: 31/47 MP: 5/5
  2162 | D:3      | Became a worshipper of Beogh the Brigand
  2574 | D:4      | Found a snail-covered altar of Cheibriados.
  2577 | D:4      | Noticed a lemure
  2726 | D:4      | Found a shadowy altar of Dithmenos.
  2781 | D:4      | Noticed a necrophage
  2801 | D:4      | Killed a necrophage
  2802 | D:4      | Reached skill level 5 in Fighting
  2802 | D:4      | Reached XP level 6. HP: 46/56 MP: 6/6
  2959 | D:4      | Found a staircase to the Ecumenical Temple.
  3106 | D:4      | Noticed Pikel
  3278 | D:3      | Killed Pikel
  3279 | D:3      | Reached skill level 6 in Axes
  3279 | D:3      | Reached skill level 5 in Armour
  3279 | D:3      | Reached skill level 5 in Shields
  3279 | D:3      | Reached XP level 7. HP: 23/63 MP: 7/7
  3803 | D:5      | Entered Level 5 of the Dungeon
  3890 | D:5      | Noticed Eustachio
  3921 | D:5      | Killed Eustachio
  3922 | D:5      | Reached XP level 8. HP: 57/71 MP: 8/8
  4405 | D:5      | Reached skill level 7 in Axes
  4900 | D:5      | Reached * piety under Beogh
  5219 | D:5      | Reached XP level 9. HP: 79/79 MP: 9/9
  5412 | D:5      | Reached skill level 8 in Axes
  5755 | D:5      | Found a runed translucent door.
  5756 | D:5      | Noticed bezhaha's ghost (amateur OpWz)
  5775 | D:5      | Killed bezhaha's ghost
  6046 | D:6      | Noticed a two-headed ogre
  6046 | D:6      | Noticed a cyclops
  6337 | D:6      | Reached ** piety under Beogh
  6440 | D:6      | Found a glowing drain.
  6447 | Sewer    | Entered a sewer
  6783 | Sewer    | Reached skill level 9 in Axes
  6992 | Sewer    | Reached *** piety under Beogh
  7329 | D:6      | Found a transporter.
  7331 | D:6      | Found a one-way gate to the infinite horrors of the Abyss.
  7331 | D:6      | Noticed LordBelias's ghost (novice GnDe)
  7384 | D:6      | Found a transporter.
  7752 | D:6      | Reached skill level 1 in Invocations
  7916 | D:6      | Killed a cyclops
  7917 | D:6      | Reached skill level 5 in Invocations
  7917 | D:6      | Reached XP level 10. HP: 69/90 MP: 2/14
  8727 | D:6      | Identified the ring of Wexelon {rElec rN+ Int+4 Dex-2}
  9565 | D:7      | Found a hazy altar of Hepliaklqana.
  9565 | D:7      | Found a white marble altar of Elyvilon.
  9742 | D:7      | Reached skill level 10 in Axes
  9892 | D:8      | Found a flagged portal.
  9920 | Bailey   | Entered a bailey
  9921 | Bailey   | Noticed an orc knight
  9936 | Bailey   | Mangled by an orc warrior

Illustrated notes

Levels and vault maps discovered:
D:1:      grunt_arrival_crossed_arrows, layout_rooms, serial_shops,
          nicolae_shop_statue_plus, serial_glass, glass_columns_a,
          glass_columns_c
D:2:      layout_basic
D:3:      layout_basic, serial_shops, shop_fountains, hex_medium,
          nicolae_figureground_sparkle
D:4:      layout_basic, grunt_dithmenos_smoke, old_standard_altar,
          temple_pool_b, roderic_batcave, uniq_pikel
D:5:      layout_basic, gammafunk_ghost_grave, uniq_eustachio
D:6:      kennysheep_big_flooded_room, layout_basic, gup_sewer_entry_bubbles,
          gammafunk_ghost_abyssal_escape, st_stairs_10, minmay_checkerbox
D:7:      layout_cave_pools, gammafunk_temple_overflow_elements,
          serial_gnoll_camp, gnoll_camp_mini_loothouse, gnoll_camp_mini_hut,
          gnoll_camp_medium_02, gnoll_camp_mini_hut, gnoll_camp_mini_basic
D:8:      layout_gridville, lair_entry_dummy,
          ploomutoo_gammafunk_ghost_potion_laboratory, enter_bailey_5
Bailey:   bailey_polearm_4, bailey

Skill      XL: |  1  2  3  4  5  6  7  8  9 10 |
---------------+-------------------------------+-----
Axes           | 3 4 6 7 9 10 | 10.0
Fighting       | 4 5 6 7 8 9 |  9.6
Armour         | 4 5 6 8 |  8.7
Shields        | 4 5 6 8 |  8.7
Invocations    | 5 6 |  6.0

Action                   |  1- 3 |  4- 6 |  7- 9 | 10-12 || total
-------------------------+-------+-------+-------+-------++-------
Melee: War axe           |    94 |    33 |       |       ||   127
       Hand axe          |       |   170 |   450 |   236 ||   856
Invok: Convert to Beogh  |       |     1 |       |       ||     1
       Smiting           |       |       |     4 |     2 ||     6
Evoke: Wand              |       |       |     5 |       ||     5
  Use: Potion            |       |     2 |     1 |       ||     3
       Scroll            |       |       |     1 |     6 ||     7
Armor: Leather armour    |    55 |     4 |       |       ||    59
       Scale mail        |     3 |       |       |       ||     3
       Plate armour      |       |   119 |   238 |   134 ||   491
Dodge: Dodged            |    61 |    77 |   143 |    63 ||   344
Block: Buckler           |    27 |    52 |   120 |    45 ||   244
       Kite shield       |       |       |       |    20 ||    20

Table legend: (Time is in decaauts)
 A = Elapsed time spent in this place.
 B = Non-inter-level travel time spent in this place.
 C = Inter-level travel time spent in this place.
 D = Time resting spent in this place.
 E = Time spent auto-exploring this place.
 F = Levels seen in this place.
 G = Mean time per level.
                   A        B        C        D        E       F      G
               +--------+--------+--------+--------+--------+-----+--------+
         Total |   9961 |   9788 |    173 |   1587 |   5832 |  10 |  996.1 |
       Dungeon |   9143 |   8970 |    173 |   1506 |   5295 |   8 | 1142.9 |
         Sewer |    803 |    803 |      0 |     81 |    537 |   1 |  803.0 |
        Bailey |     15 |     15 |      0 |      0 |      0 |   1 |   15.0 |
               +--------+--------+--------+--------+--------+-----+--------+

Top non-repeatable levels by time:
     D:6: 1861 daAuts
     D:4: 1690 daAuts
     D:5: 1602 daAuts
     D:3: 1444 daAuts
     D:7: 1038 daAuts
   Sewer: 803 daAuts
     D:2: 745 daAuts
     D:1: 705 daAuts
     D:8: 54 daAuts
  Bailey: 15 daAuts
